 Dungeon Crawl Stone Soup version 0.31-a0-844-gdc52ec4e09 (webtiles) character file.

Game seed: 5652892956627426075

235264 avis the Skinwalker (level 18, -8/115 HPs)
             Began as a Felid Shapeshifter on Sept 27, 2023.
             Was an Initiate of Gozag.
             Killed by divine providence
             ... invoked by an orc priest
              (14 damage)
             ... on level 1 of the Elven Halls on Sept 30, 2023.
             The game lasted 04:38:30 (41381 turns).

avis the Skinwalker (Felid Shapeshifter)           Turns: 41381, Time: 04:38:31

Health: -8/115     AC: 34    Str: 12    XL:     18   Next: 47%
Magic:  24/31      EV: 34    Int: 12    God:    Gozag
Gold:   4393       SH:  0    Dex: 21    Spells: 11/21 levels left
                                        Lives:  0   Deaths: 6

rFire   + +          +
                       - Unarmed
rCold   + . .        (shield unavailable)
rNeg    + . .        (body armour unavailable)
rPois   ∞            (helmet unavailable)
rElec   +            (cloak unavailable)
rCorr   .            (gloves unavailable)
SInv    +            (boots unavailable)
Will    ++...        I - amulet of regeneration
Stlth   +++++        j - ring "Dailumuxt" {*Corrode rF++ MP+9 Slay+4}
HPRegen 1.19/turn    f - ring of Sif Muna's Hatred {rF+ rC+}
MPRegen 0.22/turn

%: corrode self (3%)
@: statue-form, gold aura, studying Ice Magic, very slow
A: slow and powerful, torment resistance 1, boosted hp, very small, claws 1,
fangs 3, see invisible, (speed 1), (shaggy fur 3), stealthy paws, no weapons or
thrown items, no armour, multi-lived, antennae 1, screaming 1
}: 2/15 runes: decaying, serpentine
a: Begin Untransformation, Renounce Religion, Potion Petition, Call Merchant,
Bribe Branch


You were on level 1 of the Elven Halls.
You worshipped Gozag.
Gozag was most pleased with you.
You were a living statue of rough stone.
You visited 7 branches of the dungeon, and saw 33 of its levels.

You collected 12585 gold pieces.
You spent 5012 gold pieces at shops.
You paid 3180 gold pieces to Gozag.

Inventory:

Jewellery
 e - a +6 ring of dexterity
 f - the ring of Sif Muna's Hatred (right paw) {rF+ rC+}
   (You acquired it on level 1 of the Lair of Beasts)

   [ring of protection from fire]

   rF+:       It protects you from fire.
   rC+:       It protects you from cold.
 j - the ring "Dailumuxt" (left paw) {*Corrode rF++ MP+9 Slay+4}
   (You acquired it on level 1 of the Lair of Beasts)

   [ring of slaying]

   Slay+4:    It affects your accuracy & damage with ranged weapons and melee
   (+4).
   rF++:      It greatly protects you from fire.
   MP+9:      It affects your magic capacity (+9).
   *Corrode:  It may corrode you when you take damage.
 I - an amulet of regeneration (around neck)
 R - a +4 ring of protection
 V - a +5 ring of evasion
 W - a ring of protection from cold
Talismans
 g - a granite talisman (active)
 s - a serpent talisman
 S - a storm talisman
Wands
 l - a wand of paralysis (14)
 r - a wand of polymorph (6)
 y - a wand of digging (2)
 E - a wand of roots (16)
 K - a wand of light (6)
Scrolls
 b - a scroll of amnesia
 d - 9 scrolls of teleportation
 k - 4 scrolls of revelation
 t - 9 scrolls of poison
 w - 7 scrolls of blinking
 D - 3 scrolls of fear
 H - 4 scrolls of summoning
 L - 6 scrolls of fog
Potions
 c - a potion of attraction
 h - 2 potions of ambrosia
 i - 5 potions of enlightenment
 u - 5 potions of mutation
 z - 3 potions of brilliance
 A - 5 potions of invisibility
 C - 3 potions of might
 F - 7 potions of curing
 J - a potion of haste
 M - 3 potions of berserk rage
 N - a potion of resistance
 P - 2 potions of magic
 T - a potion of heal wounds
Miscellaneous
 a - a lightning rod (4/4)
 v - a condenser vane


   Skills:
 - Level 15.0 Fighting
 - Level 18.0 Dodging
 - Level 10.0 Stealth
 - Level 15.0 Unarmed Combat
 + Level 2.1 Spellcasting
 * Level 4.3 Translocations
 * Level 4.1 Air Magic
 - Level 22.0 Shapeshifting


You had 11 spell levels left.
You knew the following spells:

 Your Spells              Type           Power      Damage    Failure   Level
b - Blink                 Tloc           22%        N/A       7%          2
m - Manifold Assault      Tloc           11%        N/A       41%         4
v - Vhi's Electric Charg  Tloc/Air       22%        N/A       43%         4

Your spell library contained the following spells:

 Spells                   Type           Power      Damage    Failure   Level
 Apportation              Tloc           22%        N/A       4%          1
 Lesser Beckoning         Tloc           22%        N/A       7%          2
 Momentum Strike          Conj/Tloc      12%        3d8       17%         2
 Cigotuvi's Dreadful Rot  Necr/Pois/Air  8%         N/A       24%         2
 Necrotise                Necr           4%         1d4       26%         1
 Sandblast                Erth           2%         2d4       26%         1
 Summon Small Mammal      Summ           4%         N/A       26%         1
 Volatile Blastmotes      Fire/Tloc      12%        2d11      32%         3
 Jinxbite                 Hex            2%         N/A       38%         2
 Passwall                 Tmut/Erth      0%         N/A       38%         2
 Wereblood                Tmut           1%         N/A       38%         2
 Call Canine Familiar     Summ           1%         N/A       63%         3
 Dazzling Flash           Conj/Hex       2%         N/A       63%         3
 Frozen Ramparts          Ice            2%         1d1       63%         3
 Ignite Poison            Fire/Tmut/Pois 1%         N/A       63%         3
 Stone Arrow              Conj/Erth      2%         3d7       63%         3
 Summon Guardian Golem    Hex/Summ       1%         N/A       63%         3
 Vampiric Draining        Necr           1%         2d6       63%         3
 Iskenderun's Mystic Bla  Conj/Tloc      6%         2d4       73%         4
 Brom's Barrelling Bould  Conj/Erth      1%         2d3       95%         4
 Dispel Undead            Necr           1%         3d6       95%         4
 Petrify                  Tmut/Erth      1%         N/A       95%         4
 Arcjolt                  Conj/Air       3%         1d13      97%         5
 Freezing Cloud           Conj/Ice/Air   2%         6-21      99%         5
 Agony                    Necr           1%         N/A       100%        5
 Alistair's Intoxication  Tmut/Pois      0%         N/A       100%        5
 Irradiate                Conj/Tmut      0%         3d11      100%        5
 Metabolic Englaciation   Hex/Ice        0%         N/A       100%        5
 Death Channel            Necr           0%         N/A       100%        6
 Dispersal                Tloc           5%         N/A       100%        6
 Starburst                Conj/Fire      0%         6d3       100%        6
 Disjunction              Tloc           5%         N/A       100%        8
 Maxwell's Capacitive Co  Air            5%         ∞         100%        8
 Sublimation of Blood     Necr           Unusable   N/A       N/A         2

Dungeon Overview and Level Annotations

Branches:
Dungeon (15/15)            Temple (1/1) D:6            Lair (5/5) D:10
  Swamp (4/4) Lair:3        Snake (4/4) Lair:2        Slime (0/5) Lair:5
    Orc (2/2) D:10            Elf (2/3) Orc:2        Vaults (0/5) D:13
 Depths (0/4) D:15

Altars:
Ashenzari
Cheibriados
Dithmenos
Elyvilon
Fedhas
Gozag
Hepliaklqana
Kikubaaqudgha
Makhleb
Nemelex Xobeh
Okawaru
Qazlal
Ru
Sif Muna
Trog
Uskayaw
Vehumet
Wu Jian
Xom
Yredelemnul
Zin
The Shining One
Jiyva

Shops:
D:14 *   Orc:2 ==*[=   Elf:1 *[   Lair:1 !   Lair:5 =   Snake:1 ?*

Portals:
Hell: Lair:5
Abyss: D:12

Annotations:
Elf:2 3 runed translucent doors


Innate Abilities, Weirdness & Mutations

You are a living statue of rough stone.
Your actions are slow, but your melee attacks are powerful.
You are resistant to unholy torment.
Your maximum health is greatly increased.
You are immune to poison.
You have sharp claws.
You have razor-sharp teeth.
You have supernaturally acute eyesight. (SInv)
((You cover ground quickly. (Speed+)))
((Your thick and shaggy fur keeps you warm. (AC +3, rC+)))
Your paws help you pounce on unaware monsters.
You are incapable of wielding weapons or throwing items.
You cannot wear armour.
You gain extra lives every three experience levels.
You have a pair of small antennae on your head.
You occasionally shout uncontrollably at your foes.


Message History

The deep elf archer blinks!
The orc shouts!
The orc sorcerer shouts!
You mangle the deep elf knight!! Your claw misses the deep elf knight.
The deep elf knight is almost dead.
The deep elf demonologist seems less brilliant.
The deep elf archer is no longer distracted by gold.
The deep elf high priest is no longer distracted by gold.
The deep elf knight misses you.
The fire elemental is distracted by your dazzling golden aura.
The orc priest calls down the wrath of Beogh upon you.
Beogh smites you!
* * * LOW HITPOINT WARNING * * *
The deep elf demonologist is empowered by the deep elf high priest's aura!
The deep elf knight misses you.
The deep elf archer is distracted by your dazzling golden aura.
The deep elf knight blocks your attack.
The deep elf knight is almost dead.
The soul eater is no longer distracted by gold.
The sixfirhy is no longer distracted by gold.
The deep elf high priest is no longer giving off an aura.
The fire elemental is no longer distracted by gold.
The deep elf knight is distracted by your dazzling golden aura.
The water elemental misses you.
The orc priest casts a cantrip, but nothing happens.
The deep elf archer mumbles some strange words.
The deep elf archer blinks!
You barely miss the deep elf knight.
The deep elf knight is no longer distracted by gold.
The deep elf knight is almost dead.
The sixfirhy disappears in a puff of smoke!
The deep elf archer seems less brilliant.
The water elemental completely misses you.
The deep elf knight hits you with a +0 scimitar!
* * * LOW HITPOINT WARNING * * *
The deep elf pyromancer casts a spell.
The deep elf pyromancer blinks!
The orc priest calls down the wrath of Beogh upon you.
Beogh smites you!
You die...
Your body crumbles into a pile of gold.

#.# #8...$$..○ #.#
###8.o☼°o...8
#.###.##oo#EE#○.#
#.##.##8oeeoe4..8
##'#'###8$eeo....8
##...## ##o'#''
##.....###3t.#{
########.......##E####
.......'...8...'8e...+
########.......#######
#......## #)#...#+
#.##### ##.## #...#
########)#######
......#...#.....


You could see a soul eater (summoned), a deep elf demonologist (empowered), a
fire crab, a deep elf archer (repels missiles), a deep elf knight (fast,
invisible), 2 deep elf high priests, a water elemental, a deep elf pyromancer, 2
fire elementals, an orc sorcerer (empowered), 2 orc priests and 4 orcs.

Vanquished Creatures
  Nikola (Swamp:1)
  The ghost of Vutso the Black Belt, an adept DsSh of Dithmenos (Swamp:4)
  A quicksilver dragon (Snake:4)
  2 thorn hunters (Swamp:4)
  Gastronok (Orc:1)
  Kirke (D:14)
  Aizul (Snake:2)
  Donald (Swamp:1)
  2 nagarajas (Snake:4)
  A very ugly thing (D:12)
  A stone giant (D:15)
  2 eleionomae
  A deep elf annihilator (Elf:2)
  4 bunyips
  A deep elf death mage (Elf:1)
  The ghost of knightboat the Skirmisher, a journeyman DEHs of Dithmenos (Lair:5)
  Snorg (Orc:1)
  Josephine (Swamp:1)
  3 vault guards (D:13)
  2 rakshasas
  The ghost of Cancer the Geomancer, a journeyman GrEE of Vehumet (Lair:1)
  The ghost of tinfoiltophat the Thaumaturge, a journeyman DjFE of Jiyva (D:12)
  Fannar (Orc:1)
  22 hydras
  An ogre mage (D:10)
  4 salamander tyrants
  A ghost crab (Swamp:4)
  A two-headed ogre (D:8)
  7 dancing weapons
  9 centaur warriors
  2 death knights
  7 anacondas
  5 boulder beetles
  12 alligators
  3 death yaks (Lair:4)
  5 naga warriors
  5 tengu warriors
  A thrashing horror (D:12)
  6 shock serpents
  4 orc high priests
  11 naga sharpshooters
  A sun demon (Lair:5)
  A skyshark (Lair:5)
  5 deep elf knights
  The ghost of Uzeprotekshun the Ducker, a novice MeSh (D:6)
  3 salamander mystics (Snake:4)
  6 skeletal warriors
  A death drake (Swamp:4)
  2 spectral anacondas (Snake:1)
  2 goliath frogs
  4 spriggan druids
  11 swamp dragons
  2 anaconda zombies (Snake:1)
  4 naga ritualists
  A lindwurm (Lair:4)
  4 bog bodies
  A phantasmal warrior (D:13)
  5 anaconda skeletons (Snake:1)
  6 orc knights
  9 deep elf zephyrmancers
  6 deep elf archers
  A wizard (Lair:5)
  9 ugly things
  7 manticores
  14 mana vipers
  5 deep elf pyromancers
  5 orc sorcerers
  5 cyclopes
  2 will-o-the-wisps
  3 oklob plants
  5 elephants (Lair:3)
  16 salamanders
  7 guardian serpents
  7 naga magi
  31 black mambas
  10 cane toads
  2 orange demons (Lair:5)
  A smoke demon (Lair:5)
  4 unseen horrors
  A yaktaur (shapeshifter) (D:14)
  12 komodo dragons
  2 anaconda simulacra (Snake:1)
  9 rime drakes
  2 ice devils (Lair:5)
  A yaktaur (D:10)
  2 red devils (Lair:5)
  A tengu conjurer (D:13)
  A queen bee (Lair:4)
  6 meliai
  A wolf spider simulacrum (D:15)
  8 trolls
  A polar bear (shapeshifter) (D:14)
  12 hornets
  11 tyrant leeches
  A raiju (shapeshifter) (D:15)
  6 dream sheep (Lair:5)
  19 blink frogs
  8 slime creatures
  Sigmund (D:3)
  3 air elementals (Elf:1)
  7 wraiths
  17 spriggans
  12 wyverns
  48 yaks
  13 basilisks
  A hog (D:14)
  A chaos spawn (D:12)
  11 vampire mosquitoes
  4 steam dragons
  4 wargs
  16 nagas
  13 swamp worms
  3 acid dragons
  23 water moccasins
  4 hell hounds
  4 swamp drakes
  4 black bears
  26 orc warriors
  2 sky beasts
  10 centaurs
  5 ogres
  28 wolves
  A phantom (D:5)
  A kobold brigand (D:8)
  10 bullfrogs
  5 gnoll sergeants
  3 scorpions
  10 wights
  34 killer bees
  An electric eel (Lair:2)
  A howler monkey (D:3)
  2 lava snakes (Lair:2)
  4 hounds
  2 jellies
  16 orc priests
  4 gnoll boudas
  7 iguanas
  2 sleepcaps
  Natasha (thrice) (D:3)
  21 orc wizards
  15 hell rats
  34 gnolls
  13 adders
  2 shadow imps
  A white imp (D:5)
  3 worms
  4 dart slugs
  74 orcs
  8 ball pythons
  4 bats
  8 endoplasms
  2 giant cockroaches
  5 hobgoblins
  4 jackals
  4 quokkas
  3 frilled lizards
  6 goblins
  11 kobolds
  5 rats
1044 creatures vanquished.

Vanquished Creatures (others)
  A bunyip (Swamp:1)
  A vault guard (D:13)
  A naga sharpshooter (Snake:4)
  A deep elf knight (Elf:1)
  A tyrant leech (Swamp:3)
  A human (D:14)
  An orc wizard (Orc:2)
  A gnoll (D:9)
  An orc (Orc:1)
  3 foxfires (Swamp:2)
12 creatures vanquished.

Grand Total: 1056 creatures vanquished

Notes
Turn   | Place    | Note
-------+----------+-------------------------------------------
     0 | D:1      | avis the Felid Shapeshifter began the quest for the Orb.
     0 | D:1      | Reached XP level 1. HP: 9/9 MP: 2/2
   168 | D:1      | Found a faded altar of an unknown god.
   176 | D:1      | Got an upside-down book
   466 | D:1      | Reached XP level 2. HP: 12/13 MP: 3/3
   653 | D:1      | Reached skill level 1 in Stealth
   960 | D:2      | Reached XP level 3. HP: 16/16 MP: 4/4
  1559 | D:3      | Found a stormy altar of Qazlal.
  1560 | D:3      | Found a radiant altar of Vehumet.
  1560 | D:3      | Found a sparkling altar of Nemelex Xobeh.
  1616 | D:3      | Slain by a gnoll
  1670 | D:3      | Reached XP level 4. HP: 8/21 MP: 5/5
  2216 | D:3      | Reached XP level 5. HP: 24/24 MP: 6/6
  2307 | D:3      | Reached skill level 5 in Dodging
  2489 | D:3      | Noticed Natasha
  2496 | D:3      | Killed Natasha
  2662 | D:3      | Noticed Sigmund
  2672 | D:3      | Killed Sigmund
  2673 | D:3      | Reached skill level 4 in Shapeshifting
  2673 | D:3      | Gained mutation: You are covered in thick fur. (AC +2)
                  | [Felid growth]
  2673 | D:3      | Reached XP level 6. HP: 28/28 MP: 7/7
  2748 | D:3      | Noticed Natasha
  2760 | D:3      | Killed Natasha
  2848 | D:3      | Found a glowing golden altar of the Shining One.
  2952 | D:3      | Noticed Natasha
  2961 | D:3      | Killed Natasha
  3147 | D:4      | Reached skill level 5 in Shapeshifting
  3147 | D:4      | Reached XP level 7. HP: 32/32 MP: 8/8
  3573 | D:4      | Found a glowing silver altar of Zin.
  3573 | D:4      | Noticed an angel
  3930 | D:4      | Found an ornate altar of the Wu Jian Council.
  4355 | D:5      | Entered Level 5 of the Dungeon
  4359 | D:5      | Reached XP level 8. HP: 36/36 MP: 9/9
  4606 | D:4      | Reached skill level 5 in Fighting
  4923 | D:5      | Reached skill level 6 in Shapeshifting
  5829 | D:5      | Reached skill level 5 in Stealth
  5829 | D:5      | Reached skill level 7 in Shapeshifting
  6258 | D:5      | HP: 1/38 [constriction[a gnoll bouda] (5)]
  6522 | D:5      | Found an iron altar of Okawaru.
  6522 | D:5      | Found a hide-covered altar of Uskayaw.
  7034 | D:6      | Found a staircase to the Ecumenical Temple.
  7036 | D:6      | Identified the +10 rapier "Ipraodu" {venom, rN+ rCorr}
  7051 | Temple   | Entered the Ecumenical Temple
  7072 | D:6      | Reached XP level 9. HP: 41/41 MP: 10/10
  7175 | D:6      | Reached skill level 10 in Dodging
  7745 | D:6      | Found a runed translucent gate.
  7746 | D:6      | Found a runed translucent gate.
  7747 | D:6      | Found a runed translucent gate.
  7748 | D:6      | Noticed Uzeprotekshun's ghost (novice MeSh)
  8266 | D:7      | Found an opulent altar of Gozag.
  8699 | D:7      | Found a hazy altar of Hepliaklqana.
  8972 | D:7      | Became a worshipper of Gozag Ym Sagoz the Greedy
  9102 | D:8      | Found a broken altar of Ashenzari.
  9374 | D:8      | Noticed a two-headed ogre
  9384 | D:8      | Killed a two-headed ogre
  9497 | D:8      | Found a bloodstained altar of Trog.
  9641 | D:8      | Reached skill level 5 in Unarmed Combat
  9806 | D:8      | Reached XP level 10. HP: 39/47 MP: 11/11
 10174 | D:9      | Found a snail-covered altar of Cheibriados.
 10903 | D:9      | Reached skill level 8 in Shapeshifting
 11358 | D:10     | Entered Level 10 of the Dungeon
 11553 | D:9      | Reached skill level 9 in Shapeshifting
 11597 | D:10     | Noticed a white ugly thing
 12034 | D:9      | Slain by a white ugly thing
 12096 | D:9      | Killed a red ugly thing
 12111 | D:10     | Found a staircase to the Lair.
 12498 | D:10     | Reached XP level 11. HP: 19/50 MP: 12/12
 12707 | D:10     | Noticed a rakshasa
 12709 | D:10     | Noticed a cyan ugly thing
 12710 | D:10     | Noticed a death knight
 12711 | D:10     | Noticed a tengu warrior
 12711 | D:10     | Noticed a tengu warrior
 12897 | D:9      | Killed a death knight
 13076 | D:9      | Reached skill level 15 in Dodging
 13200 | D:10     | Killed a tengu warrior
 13202 | D:10     | Noticed a centaur warrior
 13229 | D:10     | Killed a centaur warrior
 13235 | D:10     | Killed from afar by a rakshasa
 13247 | D:10     | Noticed a green ugly thing
 13247 | D:10     | Noticed a green ugly thing
 13266 | D:10     | Killed a white ugly thing
 13283 | D:10     | Killed a red ugly thing
 13291 | D:10     | Killed a rakshasa
 13450 | D:10     | Noticed an ogre mage
 13463 | D:10     | Killed an ogre mage
 13763 | D:10     | Found a staircase to the Orcish Mines.
 14087 | Lair:1   | Entered Level 1 of the Lair of Beasts
 14159 | Lair:1   | Found a runed translucent door.
 14160 | Lair:1   | Identified the +4 spear "Zarrikk" {freeze, rElec rN+}
 14163 | Lair:1   | Noticed a spriggan rider
 14165 | Lair:1   | Noticed Cancer's ghost (journeyman GrEE)
 14344 | Lair:1   | Noticed an oklob plant
 14467 | Lair:1   | Reached skill level 10 in Shapeshifting
 14633 | Lair:1   | Gained mutation: Your thick and shaggy fur keeps you warm.
                  | (AC +3, rC+) [Felid growth]
 14633 | Lair:1   | Reached XP level 12. HP: 19/55 MP: 13/13
 15022 | Lair:1   | Reached skill level 11 in Shapeshifting
 15348 | Lair:1   | Bought a potion of berserk rage for 50 gold pieces
 15348 | Lair:1   | Bought a potion of haste for 100 gold pieces
 15348 | Lair:1   | Bought a potion of heal wounds for 50 gold pieces
 15348 | Lair:1   | Bought a potion of heal wounds for 50 gold pieces
 15348 | Lair:1   | Bought a potion of lignification for 30 gold pieces
 15348 | Lair:1   | Bought 2 potions of might for 80 gold pieces
 15516 | Lair:2   | Found a staircase to the Snake Pit.
 16053 | Lair:2   | Reached skill level 12 in Shapeshifting
 16578 | Lair:2   | Noticed a boulder beetle
 16602 | Lair:2   | Killed a boulder beetle
 17189 | Lair:3   | Noticed a four-headed hydra
 17194 | Lair:3   | Reached skill level 10 in Stealth
 17194 | Lair:3   | Reached skill level 10 in Unarmed Combat
 17207 | Lair:3   | Killed a four-headed hydra
 17544 | Lair:3   | Reached XP level 13. HP: 60/60 MP: 14/14
 18031 | Lair:3   | Found a staircase to the Swamp.
 18769 | Lair:1   | Upgraded the game from 0.31-a0-841-g038b102fc3 to
                  | 0.31-a0-844-gdc52ec4e09
 18941 | D:6      | Killed Uzeprotekshun's ghost
 19471 | Lair:4   | Reached skill level 10 in Fighting
 20013 | Lair:4   | Mangled by a meliai
 20443 | Lair:4   | Reached skill level 13 in Shapeshifting
 21242 | Lair:5   | Entered Level 5 of the Lair of Beasts
 21608 | Lair:4   | Reached skill level 14 in Shapeshifting
 21636 | Lair:4   | Reached XP level 14. HP: 49/66 MP: 15/15
 22603 | Lair:5   | Found a viscous altar of Jiyva.
 22608 | Lair:5   | Found a staircase to the Slime Pits.
 23000 | Lair:5   | Found a large runed translucent door.
 23000 | Lair:5   | Found a large runed translucent door.
 23002 | Lair:5   | Noticed knightboat's ghost (journeyman DEHs)
 23562 | Lair:5   | Found a burning altar of Makhleb.
 23910 | Lair:5   | Found a gateway to Hell.
 24050 | Lair:5   | Killed knightboat's ghost
 24242 | Snake:1  | Entered Level 1 of the Snake Pit
 24676 | Snake:1  | Identified the +4 great sword of Big Damage {flame, Drain
                  | rC++ Dex+5}
 24713 | Snake:1  | Found Fagh's Assorted Antiques.
 24743 | Snake:1  | HP: 5/123 [constriction[a naga ritualist] (4)]
 24743 | Snake:1  | Mangled by a naga
 24955 | Swamp:1  | Entered Level 1 of the Swamp
 24988 | Swamp:1  | Identified the +1 kite shield of Generosity {rC- Regen+
                  | Str+2}
 24988 | Swamp:1  | Noticed Donald
 25067 | Lair:5   | Bought a granite talisman for 1120 gold pieces
 25275 | Snake:1  | Bought a scroll of identify for 32 gold pieces
 25275 | Snake:1  | Found Toir's Magic Scroll Emporium.
 25281 | Snake:1  | Bought a scroll of teleportation for 57 gold pieces
 25281 | Snake:1  | Bought a scroll of identify for 38 gold pieces
 25281 | Snake:1  | Bought a scroll of identify for 38 gold pieces
 25613 | Snake:1  | Reached skill level 15 in Shapeshifting
 26273 | Snake:1  | Reached XP level 15. HP: 72/72 MP: 16/16
 26567 | Swamp:1  | Noticed Josephine
 26579 | Swamp:1  | Killed Donald
 26582 | Swamp:1  | Killed Josephine
 26583 | Swamp:1  | Reached skill level 16 in Shapeshifting
 26733 | Swamp:1  | You fall into a shaft and drop 1 floor!
 26733 | Swamp:2  | Found a glowing silver altar of Zin.
 26813 | Swamp:1  | Noticed Nikola
 26838 | Swamp:1  | Killed Nikola
 26877 | Swamp:1  | Identified 3 scrolls of acquirement
 27344 | Lair:1   | Acquired a manual of Ice Magic
 27346 | Lair:1   | Acquired the ring of Sif Muna's Hatred {rF+ rC+}
 27350 | Lair:1   | Acquired the ring "Dailumuxt" {*Corrode rF++ MP+9 Slay+4}
 27515 | Lair:1   | Killed Cancer's ghost
 28119 | Snake:2  | Noticed Aizul
 28134 | Snake:2  | Killed Aizul
 29105 | Swamp:2  | Reached skill level 17 in Shapeshifting
 30075 | Snake:3  | Reached XP level 16. HP: 78/78 MP: 17/17
 30706 | Swamp:3  | Slain by an alligator
 30756 | Swamp:3  | Reached skill level 18 in Shapeshifting
 31649 | Orc:1    | Entered Level 1 of the Orcish Mines
 31733 | Orc:1    | Noticed Gastronok
 31748 | Orc:1    | Killed Gastronok
 31800 | Orc:1    | Noticed Snorg
 31802 | Orc:1    | Noticed Fannar
 31808 | Orc:1    | Killed Snorg
 31844 | Orc:1    | Killed Fannar
 32175 | Orc:2    | Entered Level 2 of the Orcish Mines
 32417 | Orc:2    | Found a staircase to the Elven Halls.
 32576 | Orc:2    | Gained mutation: You occasionally shout uncontrollably at
                  | your foes. [a neqoxec]
 32582 | Orc:2    | Gained mutation: You have a pair of small antennae on your
                  | head. [a neqoxec]
 33145 | Orc:2    | Found Fann's General Store.
 33145 | Orc:2    | Found Elley's Armour Shoppe.
 33147 | Orc:2    | Found Naecin's Jewellery Shop.
 33147 | Orc:2    | Found Jopsahuza's Jewellery Shoppe.
 33250 | Orc:2    | Learned a level 2 spell: Blink
 33255 | Orc:2    | Learned a level 4 spell: Manifold Assault
 33607 | Orc:2    | Bought an amulet of regeneration for 390 gold pieces
 33607 | Orc:2    | Bought a potion of curing for 39 gold pieces
 33607 | Orc:2    | Bought a potion of might for 52 gold pieces
 33607 | Orc:2    | Bought a wand of light (6) for 327 gold pieces
 33837 | Snake:4  | Entered Level 4 of the Snake Pit
 34504 | Snake:4  | Reached skill level 19 in Shapeshifting
 34749 | Snake:4  | Reached XP level 17. HP: 81/83 MP: 18/18
 34966 | Snake:4  | Noticed a quicksilver dragon
 34971 | Snake:4  | Killed a quicksilver dragon
 34975 | Snake:4  | Got a serpentine rune of Zot
 35265 | Snake:4  | Reached skill level 20 in Shapeshifting
 35422 | Snake:1  | Bought a scroll of acquirement for 832 gold pieces
 35422 | Snake:1  | Bought a scroll labelled DOICYA LUHIQO for 16 gold pieces
 35422 | Snake:1  | Bought a scroll of revelation for 120 gold pieces
 35424 | Snake:1  | Acquired 560 gold pieces
 35536 | Lair:5   | Bought a storm talisman for 1591 gold pieces
 35691 | Swamp:4  | Entered Level 4 of the Swamp
 36148 | Swamp:4  | Got an inconspicuous book
 36165 | Swamp:4  | Got a decaying rune of Zot
 36328 | Swamp:4  | Found a runed translucent gate.
 36328 | Swamp:4  | Found a runed translucent gate.
 36328 | Swamp:4  | Found a runed translucent gate.
 36329 | Swamp:4  | Noticed Vutso's ghost (adept DsSh)
 36645 | Swamp:4  | Killed Vutso's ghost
 36646 | Swamp:4  | Reached skill level 15 in Fighting
 36646 | Swamp:4  | Reached skill level 15 in Unarmed Combat
 36656 | Swamp:4  | Identified the +4 long sword of Autumn {heavy, rElec rF+
                  | Str-2 Dex+2}
 37091 | D:11     | Reached skill level 1 in Translocations
 37129 | D:11     | Learned a level 4 spell: Vhi's Electric Charge
 37360 | D:11     | Reached skill level 1 in Spellcasting
 37424 | D:11     | Reached skill level 1 in Air Magic
 37927 | D:12     | Found a transporter.
 37928 | D:12     | Found a one-way gate to the infinite horrors of the Abyss.
 37928 | D:12     | Noticed tinfoiltophat's ghost (journeyman DjFE)
 37932 | D:12     | Found a transporter.
 38406 | D:12     | Killed tinfoiltophat's ghost
 38438 | D:12     | Got Lugonu's Elucidation of Location
 38850 | D:13     | You fall into a shaft and drop 2 floors!
 38850 | D:15     | Entered Level 15 of the Dungeon
 39213 | D:13     | Reached skill level 21 in Shapeshifting
 39312 | D:13     | Reached XP level 18. HP: 89/89 MP: 21/21
 39363 | D:13     | Found a gate to the Vaults.
 39872 | D:14     | Found Roghiur's General Store.
 39887 | D:14     | Noticed Kirke
 39890 | D:14     | Killed Kirke
 40519 | D:15     | Found a staircase to the Depths.
 40789 | Elf:1    | Entered Level 1 of the Elven Halls
 40882 | Elf:1    | Paralysed by an air elemental for 1 turns
 40911 | Elf:1    | You fall into a shaft and drop 1 floor!
 40911 | Elf:2    | Found a runed translucent gate.
 40911 | Elf:2    | Found a runed translucent gate.
 40911 | Elf:2    | Found a runed translucent gate.
 41236 | Elf:1    | Found Lyjejimp's Armour Emporium.
 41240 | Elf:1    | Found Peithutra's General Store.
 41292 | Elf:1    | Reached skill level 22 in Shapeshifting
 41351 | Elf:1    | Identified the +8 halberd of Experimentation {venom, Dex+4}
 41381 | Elf:1    | Killed from afar by an orc priest

Illustrated notes

Levels and vault maps discovered:
D:1:      minmay_arrival_semitransparent, layout_loops_corners,
          shapermc_ecumenical_altar_rom_forum, minmay_pentomino_x4
D:2:      layout_rooms, nicolae_houndstooth_variations
D:3:      layout_loops_ring, nicolae_tso_swordbearing_angel,
          chequers_temple_overflow_statue_of_worship, minmay_box_of_dots,
          uniq_sigmund, uniq_natasha
D:4:      layout_basic, zin_angel, nzn_wu_jian_council_hall,
          grunt_decor_fettered, grunt_tough_drop
D:5:      layout_basic, amethyst_overflow_temple_binary
D:6:      nicolae_cairo_tiling, layout_rooms, minmay_temple_entry_offerings,
          ebering_ghost_rock_garden
D:7:      layout_loops_ring, nicolae_hepliaklqana_hippocampus,
          nicolae_overflow_hidden_temple, minmay_fountain_box,
          dreamdust_wishing_well, serial_bayou_crossing
D:8:      layout_basic, overflow_temple_1_default, nicolae_ashenzari_skybound
D:9:      layout_irregular_city, mainiacjoe_overflow_chevrons,
          kennysheep_diamond
D:10:     hangedman_cross_veins, layout_loops_ring, due_lair_maze_entry_diamond,
          grunt_ministairs_14
D:11:     layout_loops_ring
D:12:     layout_gridville, gammafunk_ghost_abyssal_escape
D:13:     layout_cave_pools, lightli_vaults_fourway_checkpoint, pond
D:14:     layout_roguey [special_room_mythical_zoo],
          chequers_serial_rivers_micro_e, serial_shops, shop, uniq_kirke
D:15:     grunt_enter_depths_snipers, layout_rooms, skrybe_limestone_x
Temple:   hellmonk_temple_forest_ring
Lair:1:   layout_roguey, ebering_ghost_funeral_grove
Lair:2:   layout_regular_city, nicolae_snake_entry_warm_welcome,
          serial_bayou_lagoon_b
Lair:3:   layout_cave_pods, minmay_swamp_entry_worms
Lair:4:   regret_index_harrowing_hell_hive, layout_loops_ring,
          grunt_megastairs_3
Lair:5:   evil_forest, layout_gridlike, slime_entry_1,
          ebering_ghost_disaster_area, chequers_serial_rivers_micro_e
Swamp:1:  layout_basic_swamp, evilmike_swamp_ruin_house_2,
          infiniplex_staircase_pool, uniq_nikola, uniq_donald, uniq_josephine
Swamp:2:  nicolae_swamp_decorative_isthmus, layout_basic_swamp,
          lemuel_altar_in_water
Swamp:3:  layout_basic_swamp, nicolae_swamp_triple_paths
Swamp:4:  swamp_alternative, layout_basic_swamp, gammafunk_ghost_hydra_chop
Snake:1:  layout_chambers, nicolae_snake_dead_anacondas, minmay_shoptagon
Snake:2:  layout_misc_corridors, uniq_aizul
Snake:3:  layout_grid_shapes, grunt_megastairs_2
Snake:4:  hellmonk_snake_rune_quicksilver_temple, layout_cave_town,
          nicolae_snake_flat_spine, serial_bayou_shore_b
Orc:1:    layout_diamond_mine, uniq_snorg, uniq_gastronok, uniq_fannar
Orc:2:    grunt_orc_tribal_feast, layout_diamond_mine, mines1_david
Elf:1:    minmay_elf_arrival_summoners, layout_geoelf_grid, orc_legates,
          roderic_lattice_octagonal_star, minmay_shop_star
Elf:2:    elven_hall_of_blades_hangedman_original
          [nicolae_blade_entry_floor_patterns], layout_geoelf_diagonals,
          special_room [special_room_mythical_zoo]

Skill      XL: |  1  2  3  4  5  6  7  8  9 10 11 12 13 14 15 16 17 18 |
---------------+-------------------------------------------------------+-----
Fighting       | 2 3 4 6 7 8 9 10 12 13 14 15 | 15.0
Dodging        | 3 4 6 9 12 14 15 16 18 | 18.0
Stealth        | 1 2 3 4 5 6 8 10 | 10.0
Shapeshifting  | 4 5 7 9 10 12 14 15 17 19 21 22 | 22.0
Unarmed Combat | 5 6 9 11 12 13 14 15 | 15.0
Translocations | 2 4 |  4.3
Spellcasting   | 1 2 |  2.1
Air Magic      | 2 4 |  4.1

Action                     |  1- 3 |  4- 6 |  7- 9 | 10-12 | 13-15 | 16-18 || total
---------------------------+-------+-------+-------+-------+-------+-------++-------
  Melee: Unarmed           |    79 |   101 |   417 |   695 |  1063 |  1297 ||  3652
         Bite              |     2 |    12 |    63 |    96 |    54 |   217 ||   444
         Punch             |     3 |     3 |     7 |       |    38 |   132 ||   183
         Constrict         |       |       |       |    38 |   155 |       ||   193
   Cast: Blink             |       |       |       |       |       |     1 ||     1
 Invoke: Potion Petition   |       |       |       |     1 |       |       ||     1
         Call Merchant     |       |       |       |     1 |     1 |     1 ||     3
  Evoke: Wand              |       |       |     7 |    31 |     7 |     2 ||    47
    Use: Potion            |     1 |       |       |     8 |    22 |     3 ||    34
         Scroll            |       |     4 |     3 |     5 |    16 |     8 ||    36
   Stab: Sleeping          |     6 |     4 |    16 |     8 |    23 |    27 ||    84
         Paralysed         |       |       |     7 |     2 |       |       ||     9
         Distracted        |       |       |       |     5 |    22 |    22 ||    49
 Armour: Skin              |    21 |    24 |    77 |   131 |   373 |   603 ||  1229
  Dodge: Dodged            |    43 |    72 |   326 |   765 |  1645 |  2659 ||  5510
   Form: Flux              |       |       |     1 |     1 |       |       ||     2
         Beast             |       |       |       |     1 |       |       ||     1
         Anaconda          |       |       |       |     1 |       |     1 ||     2
         Statue            |       |       |       |       |     1 |     1 ||     2
         Storm             |       |       |       |       |       |     1 ||     1

Table legend: (Time is in decaauts)
 A = Elapsed time spent in this place.
 B = Non-inter-level travel time spent in this place.
 C = Inter-level travel time spent in this place.
 D = Time resting spent in this place.
 E = Time spent auto-exploring this place.
 F = Levels seen in this place.
 G = Mean time per level.
                   A        B        C        D        E       F      G
               +--------+--------+--------+--------+--------+-----+--------+
         Total |  46904 |  40028 |   6876 |   8481 |  15252 |  33 | 1421.3 |
       Dungeon |  18261 |  16159 |   2102 |   3192 |   6969 |  15 | 1217.4 |
        Temple |      8 |      8 |      0 |      0 |      0 |   1 |    8.0 |
          Lair |  12494 |   9762 |   2732 |   3721 |   2442 |   5 | 2498.8 |
         Swamp |   5770 |   5132 |    638 |    899 |   2350 |   4 | 1442.5 |
     Snake Pit |   6909 |   5917 |    992 |    494 |   3159 |   4 | 1727.2 |
  Orcish Mines |   2663 |   2253 |    410 |    166 |    195 |   2 | 1331.5 |
   Elven Halls |    796 |    796 |      0 |      7 |    135 |   2 |  398.0 |
               +--------+--------+--------+--------+--------+-----+--------+

Top non-repeatable levels by time:
  Lair:4: 2778 daAuts
 Snake:1: 2724 daAuts
  Lair:2: 2547 daAuts
  Lair:1: 2490 daAuts
  Lair:3: 2396 daAuts
  Lair:5: 2282 daAuts
 Snake:4: 2007 daAuts
     D:9: 1939 daAuts
   Orc:2: 1868 daAuts
     D:5: 1866 daAuts
    D:10: 1658 daAuts
     D:4: 1561 daAuts
 Swamp:1: 1454 daAuts
 Swamp:3: 1446 daAuts
 Swamp:2: 1442 daAuts
